 Dungeon Crawl Stone Soup version 0.27.1-33-g824d729ab1 (webtiles) character file.

Game seed: 15458805653617185141

263 porpoise the Skirmisher (level 5, -6/51 HPs)
             Began as a Minotaur Chaos Knight on Dec 22, 2021.
             Was a Plaything of Xom.
             Mangled by a water moccasin (8 damage)
             ... on level 5 of the Dungeon.
             The game lasted 00:11:21 (3349 turns).

porpoise the Skirmisher (Minotaur Chaos Knight)     Turns: 3349, Time: 00:11:22

Health: -6/51      AC:  7    Str: 20    XL:     5   Next: 98%
Magic:  4/4        EV: 11    Int: 15    God:    Xom [..*...]
Gold:   241        SH:  0    Dex: 15    Spells: 4/4 levels left

rFire    . . .     SeeInvis .   a - +0 hand axe (chaos)
rCold    . . .     Faith    .   (no shield)
rNeg     + . .     Spirit   .   t - +2 leather armour
rPois    +         Reflect  .   h - +1 hat
rElec    .         Harm     .   (no cloak)
rCorr    .         Rampage  .   f - +0 pair of gloves
Will     .....                  (no boots)
Stlth    +.........             (no amulet)
HPRegen  0.17/turn              c - ring of Nuruf {rPois rN+ Str+3 Int+6 Dex+3}
MPRegen  0.09/turn              (no ring)

@: lethally poisoned (-6 -> -16)
A: horns 2, retaliatory headbutt, agile 1, MP-powered wands
a: Renounce Religion


You were on level 5 of the Dungeon.
You worshipped Xom.
You were a toy of Xom.
You visited 1 branch of the dungeon, and saw 5 of its levels.

You collected 241 gold pieces.

Inventory:

Hand Weapons
 a - a +0 hand axe of chaos (weapon)
 b - a +0 hunting sling of freezing
Missiles
 d - 165 stones (quivered)
 j - 5 atropa-tipped darts
 k - 19 arrows
 l - 12 sling bullets
 p - 14 poisoned darts
 q - 21 bolts
Armour
 f - a +0 pair of gloves (worn)
 h - a +1 hat (worn)
 t - a +2 leather armour (worn)
 y - a +0 buckler
Jewellery
 c - the ring of Nuruf (left hand) {rPois rN+ Str+3 Int+6 Dex+3}
   (You found it on level 4 of the Dungeon)

   [ring of intelligence]

   Str:       It affects your strength (+3).
   Int:       It affects your intelligence (+6).
   Dex:       It affects your dexterity (+3).
   rPois:     It protects you from poison.
   rN:        It protects you from negative energy.
 i - a ring of magical power
 u - a +4 ring of evasion
 w - a +4 ring of evasion
Wands
 A - a wand of polymorph (8)
Scrolls
 e - 2 scrolls of blinking
 o - 2 scrolls of magic mapping {unknown}
 s - 2 scrolls of noise {unknown}
 z - a scroll of amnesia
Potions
 g - a potion of cancellation
 m - 2 potions of resistance
 n - 2 potions of curing
 r - a potion of mutation {unknown}
 v - a potion of haste {unknown}
 x - a potion of might {unknown}


   Skills:
 + Level 6.5 Fighting
 - Level 6.0 Axes
 - Level 2.4 Armour
 - Level 1.1 Dodging


You had 4 spell levels left.
You didn't know any spells.
Your spell library contained the following spells:

 Spells                   Type           Power      Damage    Failure   Level
 Pain                     Necr           0%         1d4       30%         1
 Agony                    Necr           0%         N/A       100%        5
 Excruciating Wounds      Necr           0%         N/A       100%        5


Dungeon Overview and Level Annotations

Branches:
Dungeon (5/15)
 Temple: D:4-7

Altars:
Trog

Annotations:
D:3 2 transporters, jlumianski's ghost, amateur GrMo


Innate Abilities, Weirdness & Mutations

You have a pair of horns on your head.
You reflexively headbutt those who attack you in melee.
You are agile. (Dex +2)
You expend magic power (3 MP) to strengthen your wands.


Message History

The water moccasin hisses angrily.
Found a stone staircase leading down.
The water moccasin bites you but does no damage.
The water moccasin bites you.
You barely miss the water moccasin.
Your headbutt misses the water moccasin.
Xom grants you insight.
You detect creatures!
The water moccasin bites you.
You are poisoned.
The water moccasin poisons you!
You hit the water moccasin but do no damage.
The water moccasin flickers and vanishes!
Deactivating autopickup; reactivate with Ctrl-A.
Xom is amused.
You feel very sick. Something bites you. x2
No target in view!
You feel sick.
You closely miss something.
You feel sick. "See what I see, my child!"
You detect creatures!
Something bites you.
You closely miss something.
You feel sick. Something bites you but does no damage. Something bites you.
You are more poisoned.
Something poisons you!
You closely miss something. Your headbutt misses something.
You feel very sick. Something bites you.
You completely miss something.
* * * LOW HITPOINT WARNING * * *
You feel very sick. Something bites you.
* * * LOW HITPOINT WARNING * * *
Something bites you.
* * * LOW HITPOINT WARNING * * *
You hit something. Your headbutt misses something.
* * * LOW HITPOINT WARNING * * *
You feel very sick. Something bites you!
You die...

#.....### ### .......
........ ... ..##...#.#
#.....####.## >!.......##
#...... ..... ...#...#..#
#.....###..#. ..........#
#..........#. ..........#
#.......<....
..........###)....###....
.......{@.=##.....# #)...
.........#.##.....# #....
...#######........# ##.#.
. #.≈......# #.#.
#........# #.#.
#._.###### #.#. #...#
#.## #.≈.# #######'##
#...# .........#


There were no monsters in sight!

Vanquished Creatures
  A phantom (D:4)
  2 hounds (D:4)
  A howler monkey zombie (D:3)
  3 adders (D:2)
  A shadow imp (D:4)
  An ufetubus (D:5)
  A dart slug (D:2)
  6 orcs
  7 bats
  6 endoplasms
  4 giant cockroaches
  5 goblins
  4 hobgoblins
  4 jackals (D:1)
  6 quokkas
  4 ball pythons
  3 frilled lizards
  6 kobolds
  6 rats
71 creatures vanquished.

Notes
Turn   | Place    | Note
-------+----------+-------------------------------------------
     0 | D:1      | porpoise the Minotaur Chaos Knight began the quest for the
                  | Orb.
     0 | D:1      | Reached XP level 1. HP: 19/19 MP: 0/0
    78 | D:1      | XOM: silly message
   347 | D:1      | Reached XP level 2. HP: 27/27 MP: 1/1
   379 | D:1      | Found a faded altar of an unknown god.
   623 | D:2      | Reached XP level 3. HP: 34/34 MP: 2/2
  1009 | D:2      | Reached skill level 5 in Fighting
  1009 | D:2      | Reached skill level 5 in Axes
  1009 | D:2      | Reached XP level 4. HP: 38/42 MP: 3/3
  1009 | D:2      | XOM: give mutations
  1009 | D:2      | Gained mutation: You are agile. (Dex +2) [Xom's grace]
  1009 | D:2      | Gained mutation: You expend magic power (3 MP) to
                  | strengthen your wands. [Xom's grace]
  1199 | D:3      | XOM: god gift: book of Pain
  1265 | D:3      | Found a transporter.
  1284 | D:3      | Found a transporter.
  1285 | D:3      | Noticed jlumianski's ghost (amateur GrMo)
  1489 | D:3      | XOM: 2-stop teleportation journey
  1559 | D:3      | XOM: noise
  1579 | D:3      | XOM: confuse monster(s)
  1635 | D:3      | XOM: silly message
  2096 | D:3      | XOM: noise
  2397 | D:4      | Identified the ring of Nuruf {rPois rN+ Str+3 Int+6 Dex+3}
  2776 | D:4      | Noticed a phantom
  2794 | D:4      | Killed a phantom
  2795 | D:4      | Reached XP level 5. HP: 18/50 MP: 4/4
  2861 | D:4      | XOM: noise
  3283 | D:5      | Entered Level 5 of the Dungeon
  3328 | D:5      | Found a bloodstained altar of Trog.
  3338 | D:5      | Noticed a water moccasin
  3342 | D:5      | XOM: divination: detect creatures
  3345 | D:5      | XOM: divination: detect creatures
  3349 | D:5      | HP: 2/51 [poisoned by a water moccasin]
  3349 | D:5      | Mangled by a water moccasin

Illustrated notes

Levels and vault maps discovered:
D:1:      matt_arrival_los_fun, layout_rooms, dilly_ecumenical_altar_fadedgnrine
D:2:      layout_rooms, minmay_pentomino_x2
D:3:      layout_basic, gammafunk_ghost_mausoleum, minmay_quantized
D:4:      layout_gridville
D:5:      layout_basic, mainiacjoe_overflow_tiny_flanked, temple_hall,
          uniq_blork_the_orc, uniq_pikel

Skill      XL: |  1  2  3  4  5 |
---------------+----------------+-----
Fighting       | 4 5 6 |  6.5
Axes           | 4 5 6 |  6.0
Armour         | |  2.4
Dodging        | |  1.1

Action                   |  1- 3 |  4- 6 || total
-------------------------+-------+-------++-------
Melee: Hand axe          |    93 |    60 ||   153
       Headbutt          |     7 |     9 ||    16
 Fire: Hunting sling     |       |     1 ||     1
  Use: Scroll            |       |     7 ||     7
 Stab: Paralysed         |     2 |     1 ||     3
       Distracted        |       |     1 ||     1
Armor: Leather armour    |    37 |    11 ||    48
Dodge: Dodged            |    51 |    30 ||    81
